 Dungeon Crawl Stone Soup version 0.30-b1-2-g02819fbbbe (webtiles) character file.

Game seed: 2963165862337536644

3906 Alarkh the Martial Artist (level 10, 68/68 HPs)
             Began as a Demonspawn Warper on May 25, 2023.
             Was a Follower of Uskayaw.
             Got out of the dungeon alive.
             The game lasted 00:09:33 (5091 turns).

Alarkh the Martial Artist (Demonspawn Warper)       Turns: 5091, Time: 00:09:33

Health: 68/68      AC: 10    Str: 12    XL:     10   Next: 0%
Magic:  13/13      EV: 11    Int: 19    God:    Uskayaw [*.....]
Gold:   448        SH:  0    Dex: 12    Spells: 13/13 levels left

rFire   . .          .
                       - Unarmed
rCold   . . .        (no shield)
rNeg    . . .        i - +0 ring mail
rPois   .            j - +2 helmet
rElec   .            f - +0 cloak
rCorr   .            (no gloves)
SInv    .            h - +0 pair of boots
Will    .....        u - amulet of regeneration
Stlth   +            (no ring)
HPRegen 1.11/turn    (no ring)
MPRegen 0.13/turn

%: no passive effects
@: no status effects
A: demonic guardian 1, spiny 2, sturdy frame 2, demonic touch 1
a: Renounce Religion, Stomp


You escaped.
You worshipped Uskayaw.
Uskayaw was noncommittal.
You visited 2 branches of the dungeon, and saw 7 of its levels.
You also visited: Ossuary.

You collected 448 gold pieces.

Inventory:

Hand Weapons
 n - the +4 trident of Kockoa {flame, Str+5}
   (You found it on level 2 of the Dungeon)

   Str:       It affects your strength (+5).
Missiles
 c - 7 boomerangs of dispersal (quivered)
 v - 3 boomerangs
Armour
 f - a +0 cloak (worn)
 h - a +0 pair of boots (worn)
 i - a +0 ring mail (worn)
 j - a +2 helmet (worn)
Magical Staves
 a - a staff of air
Jewellery
 o - a ring of ice
 u - an amulet of regeneration (around neck)
 F - a ring of resist corrosion
 G - a ring of wizardry
 I - a ring of fire
Wands
 t - a wand of iceblast (22)
 y - a wand of flame (37)
Scrolls
 b - 2 scrolls of blinking
 d - 2 scrolls of enchant armour
 q - a scroll of vulnerability {unknown}
 r - a scroll of identify
 s - a scroll of magic mapping
 w - a scroll of teleportation {unknown}
 z - a scroll of torment {unknown}
 A - a scroll of silence {unknown}
 C - a scroll of immolation {unknown}
 D - a scroll of noise
Potions
 e - 5 potions of curing
 g - 3 potions of lignification
 k - 3 potions of flight
 l - 2 potions of haste
 m - a potion of attraction
 p - 3 potions of might
 x - 2 potions of invisibility {unknown}
 B - a potion of heal wounds
 E - a potion of mutation {unknown}
 H - 2 potions of resistance {unknown}
 J - a potion of brilliance {unknown}


   Skills:
 + Level 2.6 Fighting
 - Level 0.8 Throwing
 - Level 0.8 Armour
 - Level 1.7 Dodging
 * Level 13.1 Unarmed Combat
 - Level 2.0 Spellcasting
 - Level 2.6 Translocations


You had 13 spell levels left.
You didn't know any spells.
Your spell library contained the following spells:

 Spells                   Type           Power      Damage    Failure   Level
 Blink                    Tloc           24%        N/A       10%         2
 Lesser Beckoning         Tloc           24%        N/A       10%         2
 Kiss of Death            Conj/Necr      4%         2d5       19%         1
 Gell's Gravitas          Tloc           12%        N/A       19%         3
 Teleport Other           Tloc           12%        N/A       19%         3
 Vhi's Electric Charge    Tloc/Air       14%        N/A       32%         3
 Confusing Touch          Hex            1%         N/A       50%         3
 Manifold Assault         Tloc           12%        N/A       54%         4
 Dispel Undead            Necr           1%         3d6       88%         4


Dungeon Overview and Level Annotations

Branches:
Dungeon (6/15)             Temple (1/1) D:6         Ossuary (visited)

Altars:
Ashenzari
Cheibriados
Dithmenos
Fedhas
Hepliaklqana
Kikubaaqudgha
Makhleb
Nemelex Xobeh
Okawaru
Ru
Uskayaw
Vehumet
Wu Jian
Xom
Yredelemnul

Annotations:
D:5 2 transporters, darkwiz's ghost, amateur DsCK


Innate Abilities, Weirdness & Mutations

A weak demonic guardian rushes to your aid.
You are mostly covered in sharp spines.
Your movements are less encumbered by armour. (ER -4)
Your touch may inflict minor irresistible damage on your foes.


Message History

You punch the gnoll!
You kill the gnoll!
No target in view!
No target in view!
No target in view!
No target in view!
No target in view!
No target in view!
No target in view!
No target in view!
No target in view!
No target in view!
No target in view!
No target in view!
(D) Dungeon (T) Temple
Where to? (Enter - D:6, ? - help)
What level of the Dungeon? (default 1, ? - help)
Things that are here:
a +0 whip; a gnoll corpse You see here a sky beast corpse.
There is a stone staircase leading up here.
You climb upwards.
Level annotation: 2 transporters, darkwiz's ghost, amateur DsCK
There is a stone staircase leading down here.
There is a stone staircase leading up here.
You climb upwards.
There is a stone staircase leading down here.
You see here 2 poisoned darts.
There is a stone staircase leading up here.
You climb upwards.
There is a stone staircase leading down here.
There is a stone staircase leading up here.
You climb upwards.
There is a stone staircase leading down here.
There is a stone staircase leading up here.
You climb upwards.
There is a stone staircase leading down here.
There is a staircase leading out of the dungeon here.
Are you sure you want to leave the Dungeon?
This will make you lose the game!
You have escaped!

...# #...'...##...## #.. ...#
###...###.##.#..##### ##.# ...#
#(....###...........# #..#
...####...#......#.##.###.#
##.##
...)..'.........).........# #..#
..#####......#######.....####)##
..# #............#.##..# #..#
..# #....##.####.#.##..###.###
..# #....##.#.@#.#.##........#
..# ###..##.#..#.#.##...#..#.#
..##### #..##.#.##.#.##...#..#.#
......# ##.##.#....#.##......#.#
......# #.##.######.##...#..#.#
......# #...............>#..[.#
......####...########....##.####
.....†.............########.#
...................# #.#


There were no monsters in sight!

Vanquished Creatures
  Pikel (D:6)
  6 yaks (D:5)
  Menkaure (D:6)
  3 sky beasts (D:6)
  3 ogres (D:5)
  A centaur (D:6)
  2 phantoms (D:5)
  2 lemures (D:6)
  6 elf zombies (Ossuary)
  3 scorpions (D:5)
  A gnoll sergeant (D:5)
  5 centaur zombies (Ossuary)
  A human zombie (Ossuary)
  2 jellies
  3 hounds
  3 orc priests
  A gnoll bouda (D:6)
  4 iguanas
  Ijyb (D:3)
  4 orc wizards
  3 mummies (Ossuary)
  Robin (D:3)
  19 gnolls
  8 adders
  An ufetubus (D:5)
  2 worms
  4 dart slugs
  9 orcs
  7 ball pythons
  5 endoplasms
  5 giant cockroaches
  10 goblins
  7 hobgoblins
  8 jackals
  6 quokkas
  4 bats
  5 frilled lizards
  6 kobolds
  8 rats
171 creatures vanquished.

Vanquished Creatures (others)
  A goblin (D:3)
1 creature vanquished.

Grand Total: 172 creatures vanquished

Notes
Turn   | Place    | Note
-------+----------+-------------------------------------------
     0 | D:1      | Alarkh the Demonspawn Warper began the quest for the Orb.
     0 | D:1      | Reached XP level 1. HP: 16/16 MP: 3/3
    58 | D:1      | Reached skill level 2 in Unarmed Combat
   146 | D:1      | Gained mutation: Your touch may inflict minor irresistible
                  | damage on your foes. [demonic ancestry]
   146 | D:1      | Reached XP level 2. HP: 10/22 MP: 5/5
   553 | D:1      | Reached skill level 3 in Unarmed Combat
   620 | D:1      | Reached XP level 3. HP: 27/27 MP: 6/6
   949 | D:2      | Identified the +4 trident of Kockoa {flame, Str+5}
  1130 | D:2      | Reached skill level 4 in Unarmed Combat
  1130 | D:2      | Gained mutation: You are partially covered in sharp spines.
                  | [demonic ancestry]
  1130 | D:2      | Reached XP level 4. HP: 21/33 MP: 7/7
  1133 | D:1      | HP: 1/33 [gnoll/+2 flail of protection (12)]
  1518 | D:2      | Reached XP level 5. HP: 36/38 MP: 8/8
  1754 | D:2      | Reached skill level 5 in Unarmed Combat
  1898 | D:3      | Found a faded altar of an unknown god.
  2040 | D:3      | Noticed Robin
  2040 | D:3      | Noticed Ijyb
  2055 | D:3      | Killed Ijyb
  2060 | D:3      | Killed Robin
  2374 | D:3      | Found a sacrificial altar of Ru.
  2602 | D:4      | Gained mutation: Your movements are slightly less
                  | encumbered by armour. (ER -2) [demonic ancestry]
  2602 | D:4      | Reached XP level 6. HP: 44/44 MP: 9/9
  2720 | D:4      | Reached skill level 6 in Unarmed Combat
  2726 | D:4      | You fall into a shaft and drop 1 floor!
  2726 | D:5      | Entered Level 5 of the Dungeon
  2779 | D:5      | Found a transporter.
  2806 | D:4      | Found a shadowy altar of Dithmenos.
  2968 | D:4      | Found a sand-covered staircase.
  2973 | Ossuary  | Entered an ossuary
  3018 | Ossuary  | Reached skill level 7 in Unarmed Combat
  3018 | Ossuary  | Gained mutation: You are mostly covered in sharp spines.
                  | [demonic ancestry]
  3018 | Ossuary  | Reached XP level 7. HP: 50/50 MP: 10/10
  3125 | Ossuary  | Reached skill level 8 in Unarmed Combat
  3186 | D:4      | Reached XP level 8. HP: 56/56 MP: 11/11
  3599 | D:5      | Reached skill level 9 in Unarmed Combat
  3712 | D:5      | Reached skill level 10 in Unarmed Combat
  3888 | D:5      | Reached skill level 11 in Unarmed Combat
  3888 | D:5      | Gained mutation: Your movements are less encumbered by
                  | armour. (ER -4) [demonic ancestry]
  3888 | D:5      | Reached XP level 9. HP: 50/61 MP: 12/12
  4205 | D:5      | Found a transporter.
  4209 | D:5      | Noticed darkwiz's ghost (amateur DsCK)
  4370 | D:6      | Noticed Menkaure
  4375 | D:6      | Killed Menkaure
  4376 | D:6      | Reached skill level 12 in Unarmed Combat
  4501 | D:6      | Found a staircase to the Ecumenical Temple.
  4501 | D:6      | Noticed Pikel
  4518 | D:6      | Killed Pikel
  4525 | Temple   | Entered the Ecumenical Temple
  4647 | Temple   | Became a worshipper of Uskayaw the Reveller
  4815 | D:6      | Reached * piety under Uskayaw
  4820 | D:6      | Reached ** piety under Uskayaw
  4824 | D:6      | Reached *** piety under Uskayaw
  4828 | D:6      | Reached **** piety under Uskayaw
  4830 | D:6      | Reached ***** piety under Uskayaw
  4831 | D:6      | Reached skill level 13 in Unarmed Combat
  4913 | D:6      | Gained mutation: A weak demonic guardian rushes to your
                  | aid. [demonic ancestry]
  4913 | D:6      | Reached XP level 10. HP: 54/68 MP: 13/13
  5091 | D:$      | Got out of the dungeon alive.

Illustrated notes

Levels and vault maps discovered:
D:1:      zelgadis_glass_arrival_small, layout_basic
D:2:      layout_basic
D:3:      layout_basic, nicolae_overflow_crystal_walls,
          dreamdust_ecumenical_altar_statues, serial_bayou_pond_e, st_stairs_10,
          nicolae_goblin_pals
D:4:      layout_basic, nicolae_dithmenos_the_darkroom,
          nicolae_ossuary_entry_false_entrances
D:5:      layout_cave_pools, gammafunk_ghost_abyssal_escape,
          amcnicky_mini_corridor_feature, minmay_pentangle
D:6:      layout_rooms, minmay_temple_entry_fiery, kennysheep_cross_bottleneck,
          uniq_pikel, uniq_menkaure
Temple:   regret_index_temple_waves

Skill      XL: |  1  2  3  4  5  6  7  8  9 |
---------------+----------------------------+-----
Unarmed Combat | 2 3 4 5 7 8 11 13 | 13.1
Fighting       | |  2.6
Throwing       | |  0.8
Armour         | |  0.8
Dodging        | |  1.7
Spellcasting   | |  2.0
Translocations | |  2.6

Action                     |  1- 3 |  4- 6 |  7- 9 | 10-12 || total
---------------------------+-------+-------+-------+-------++-------
  Melee: Unarmed           |   110 |   145 |   248 |     4 ||   507
         Touch             |    10 |    28 |    42 |     1 ||    81
         Punch             |     2 |     1 |    17 |       ||    20
  Throw: Boomerang         |       |       |     1 |       ||     1
    Use: Potion            |     2 |     2 |     3 |       ||     7
         Scroll            |     1 |       |     4 |       ||     5
   Stab: Distracted        |       |       |     1 |       ||     1
         Paralysed         |       |       |       |     2 ||     2
 Armour: Leather armour    |     9 |       |       |       ||     9
         Ring mail         |    53 |    52 |    76 |       ||   181
  Dodge: Dodged            |    62 |    66 |    78 |     2 ||   208
